 Dungeon Crawl Stone Soup version 0.29-a0-577-gafbf2c5d25 (webtiles) character file.

Game seed: 17956812266412270278

5084 porpoise the Spear-Bearer (level 10, -5/79 HPs)
             Began as a Demonspawn Fighter on June 14, 2022.
             Was an Initiate of Yredelemnul.
             Slain by a two-headed ogre
             ... wielding a +0 giant spiked club
              (28 damage)
             ... on level 8 of the Dungeon.
             The game lasted 00:29:53 (9216 turns).

porpoise the Spear-Bearer (Demonspawn Fighter)      Turns: 9216, Time: 00:29:54

Health: -5/79      AC: 14    Str: 21    XL:     10   Next: 31%
Magic:  12/12      EV:  7    Int:  9    God:    Yredelemnul [......]
Gold:   399        SH:  4    Dex: 13    Spells: 9/9 levels left

rFire   + . .      SeeInvis +   a - +0 trident
rCold   + . .      Faith    .   c - +0 buckler
rNeg    . . .      Spirit   .   u - +2 chain mail {rF+}
rPois   .          Reflect  .   (helmet restricted)
rElec   .          Harm     .   g - +0 cloak
rCorr   .          Rampage  .   (no gloves)
Will    .....                   (no boots)
Stlth   ..........              w - amulet of magic regeneration
HPRegen 0.23/turn               x - ring of protection from cold
MPRegen 0.53/turn               D - ring of see invisible

@: no status effects
A: antennae 2, yellow scales 1, foul stench 3
a: Renounce Religion, Recall Undead Harvest


You were on level 8 of the Dungeon.
You worshipped Yredelemnul.
Yredelemnul was noncommittal.
You visited 2 branches of the dungeon, and saw 10 of its levels.

You collected 420 gold pieces.
You spent 21 gold pieces at shops.

Inventory:

Hand Weapons
 a - a +0 trident (weapon)
 b - a +0 hand crossbow
 v - a +0 hunting sling
Missiles
 n - 5 boomerangs (quivered)
 s - 3 javelins
 E - 30 poisoned darts
 M - 2 throwing nets
Armour
 c - a +0 buckler (worn)
 d - +0 steam dragon scales
 g - a +0 cloak (worn)
 u - a +2 chain mail of fire resistance (worn)
 R - a +0 robe of the Archmagi
Magical Staves
 j - a staff of earth
Jewellery
 w - an amulet of magic regeneration (around neck)
 x - a ring of protection from cold (left hand)
 D - a ring of see invisible (right hand)
 G - a ring of wizardry
 I - a ring of fire
Wands
 r - a wand of charming (12)
 A - a wand of iceblast (16)
 K - a wand of paralysis (9)
 N - a wand of acid (7)
 O - a wand of flame (20)
 Q - a wand of mindburst (17)
Scrolls
 f - a scroll of silence {unknown}
 i - a scroll of enchant weapon {unknown}
 k - a scroll of blinking
 o - a scroll of magic mapping {unknown}
 p - 6 scrolls of teleportation
 q - a scroll of summoning {unknown}
 y - 2 scrolls of immolation
 B - a scroll of torment {unknown}
 C - 2 scrolls of vulnerability {unknown}
 F - a scroll of amnesia
 H - 2 scrolls of noise {unknown}
 J - 2 scrolls of fog
 L - a scroll of fear {unknown}
Potions
 e - 2 potions of haste
 h - 2 potions of invisibility
 l - 4 potions of curing
 m - a potion of heal wounds
 t - 2 potions of mutation
 z - 2 potions of berserk rage
 P - a potion of cancellation


   Skills:
 - Level 7.0 Fighting
 * Level 12.4 Polearms
 + Level 3.5 Armour
 - Level 2.6 Shields
 + Level 3.1 Invocations


You had 9 spell levels left.
You didn't know any spells.
Your spell library contained the following spells:

 Spells                   Type           Power      Damage    Failure   Level
 Beastly Appendage        Tmut           0%         N/A       99%         1
 Sublimation of Blood     Necr           0%         N/A       100%        2
 Wereblood                Tmut           0%         N/A       100%        2
 Spider Form              Tmut/Pois      0%         N/A       100%        3
 Tukima's Dance           Hex            0%         N/A       100%        3
 Passage of Golubria      Tloc           0%         N/A       100%        4
 Yara's Violent Unravell  Hex/Tmut       0%         3d3       100%        5
 Summon Hydra             Summ           0%         N/A       100%        7


Dungeon Overview and Level Annotations

Branches:
Dungeon (9/15)             Temple (1/1) D:5
   Lair: D:8-11         Orc: D:9-12

Altars:
Ashenzari
Cheibriados
Dithmenos
Elyvilon
Fedhas
Gozag
Hepliaklqana
Kikubaaqudgha
Makhleb
Nemelex Xobeh
Okawaru
Qazlal
Ru
Sif Muna
Trog
Uskayaw
Vehumet
Wu Jian
Xom
Yredelemnul
Zin
The Shining One

Shops:
D:5 (

Annotations:
D:7 5 runed translucent doors Ugly


Innate Abilities, Weirdness & Mutations

You have a pair of antennae on your head.
You are partially covered in yellow scales. (AC +2)
You frequently emit foul miasma when damaged in melee.


Message History

You emit a cloud of foul miasma!
The orc warrior closely misses you.
You swap places.
Your howler monkey zombie barely misses the two-headed ogre.
The two-headed ogre is engulfed in dark miasma.
The two-headed ogre is poisoned.
The two-headed ogre seems to slow down.
The two-headed ogre closely misses your howler monkey zombie.
The two-headed ogre hits your howler monkey zombie with a +0 giant club!
The orc priest invokes the aid of Beogh against you.
Beogh smites you!
There is an open door here.
You swap places.
Your howler monkey zombie hits the two-headed ogre.
The orc priest looks encouraged for a moment.
There's a creature in the doorway!
Your howler monkey zombie hits the two-headed ogre.
The two-headed ogre is engulfed in dark miasma.
The two-headed ogre looks even sicker.
The two-headed ogre barely misses your howler monkey zombie.
The two-headed ogre hits your howler monkey zombie with a +0 giant club!!
Your howler monkey zombie is destroyed!
The two-headed ogre closely misses your orc wizard zombie. x2
Your orc wizard zombie hits the two-headed ogre but does no damage.
There is an open door here.
You close the door.
You start resting.
You sense a monster nearby.
Something unseen opens the door.
There is an open door here.
There is a stone staircase leading up here.
You reach to attack!
You barely miss the two-headed ogre.
The two-headed ogre is almost dead.
The two-headed ogre hits you with a +0 giant spiked club!
The two-headed ogre hits you with a +0 giant club!
* * * LOW HITPOINT WARNING * * *
You climb upwards.
There is a stone staircase leading down here.
The two-headed ogre attacks as you move away!
The two-headed ogre hits you with a +0 giant spiked club!!
You die...
Your body rises from the dead as a mindless zombie.

#.# #...#Z.....###
########.###...#.......##
#.................^......
#######..###...........##
#..###.............
#.................#
#..#####..####....#
#######..#####..####.#..#
#.......@............Z...
######...O..............#
###.#####..####.##.. #.#
#........... #.#
#........... #.#
#.#####.####
#.#####.#####.#
#.............#
#........#########


You could see a two-headed ogre.

Vanquished Creatures
  Maggie (D:6)
  2 wyverns (D:7)
  4 yaks (D:6)
  A steam dragon (D:8)
  3 water moccasins (D:7)
  3 ice beasts
  2 phantoms
  A kobold brigand (D:6)
  2 bullfrogs (D:7)
  2 necrophages (D:5)
  3 scorpions
  14 wights
  7 killer bees (D:8)
  3 howler monkeys
  A human zombie (D:5)
  2 bullfrog zombies (D:5)
  6 hounds
  2 jellies
  3 iguanas
  Terence (D:3)
  2 orc wizards
  A hound zombie (D:5)
  2 mummies (D:5)
  A howler monkey zombie (D:5)
  3 gnolls (D:5)
  9 adders
  A white imp (D:6)
  An ufetubus (D:5)
  3 dart slugs
  12 orcs
  6 ball pythons
  3 endoplasms
  A giant cockroach (D:4)
  6 hobgoblins
  7 jackals
  5 quokkas
  5 bats
  5 frilled lizards
  5 goblins
  13 kobolds
  3 rats
157 creatures vanquished.

Vanquished Creatures (collateral kills)
  A yak (D:6)
  A phantom (D:6)
  A kobold brigand (D:8)
  A bullfrog (D:6)
  A necrophage (D:6)
  3 wights (D:8)
  A killer bee (D:8)
  A howler monkey (D:7)
  A jelly (D:6)
  2 orcs (D:8)
  6 kobolds (D:8)
19 creatures vanquished.

Vanquished Creatures (others)
  A bullfrog zombie (D:7)
  3 killer bee zombies (D:8)
  A human zombie (D:6)
  A hound zombie (D:7)
  A howler monkey zombie (D:9)
  A frilled lizard zombie (D:6)
  4 kobold zombies
  2 orc zombies
  A rat zombie (D:6)
  93 plants
108 creatures vanquished.

Grand Total: 284 creatures vanquished

Notes
Turn   | Place    | Note
-------+----------+-------------------------------------------
     0 | D:1      | porpoise the Demonspawn Fighter began the quest for the
                  | Orb.
     0 | D:1      | Reached XP level 1. HP: 18/18 MP: 1/1
   107 | D:1      | Reached skill level 2 in Polearms
   184 | D:1      | Gained mutation: You may rarely emit foul miasma when
                  | damaged in melee. [demonic ancestry]
   184 | D:1      | Reached XP level 2. HP: 24/24 MP: 2/2
   808 | D:1      | Gained mutation: You are partially covered in yellow
                  | scales. (AC +2) [demonic ancestry]
   808 | D:1      | Reached XP level 3. HP: 25/29 MP: 3/3
   995 | D:2      | Found a hide-covered altar of Uskayaw.
  1063 | D:2      | Reached skill level 3 in Polearms
  1607 | D:3      | Noticed Terence
  1623 | D:3      | Killed Terence
  1624 | D:3      | Gained mutation: You have a pair of small antennae on your
                  | head. [demonic ancestry]
  1624 | D:3      | Reached XP level 4. HP: 30/37 MP: 4/4
  1833 | D:3      | Reached skill level 4 in Polearms
  2007 | D:3      | Gained mutation: You have a pair of antennae on your head.
                  | [demonic ancestry]
  2007 | D:3      | Reached XP level 5. HP: 39/42 MP: 5/5
  2834 | D:4      | Found a broken altar of Ashenzari.
  3010 | D:5      | Entered Level 5 of the Dungeon
  3134 | D:5      | Noticed an ice beast
  3147 | D:5      | Killed an ice beast
  3148 | D:5      | Reached skill level 5 in Polearms
  3148 | D:5      | Gained mutation: You sometimes emit foul miasma when
                  | damaged in melee. [demonic ancestry]
  3148 | D:5      | Reached XP level 6. HP: 44/49 MP: 6/6
  3213 | D:5      | Found Quaghal's Weapon Emporium.
  3252 | D:5      | Found a staircase to the Ecumenical Temple.
  3259 | Temple   | Entered the Ecumenical Temple
  3492 | D:5      | Reached skill level 5 in Fighting
  3564 | D:5      | Reached XP level 7. HP: 31/56 MP: 7/7
  3758 | D:5      | Reached skill level 6 in Polearms
  4580 | D:5      | Found a basalt altar of Yredelemnul.
  4593 | D:5      | Reached skill level 7 in Polearms
  4595 | D:5      | Became a worshipper of Yredelemnul the Dark
  4760 | D:5      | Gained mutation: You frequently emit foul miasma when
                  | damaged in melee. [demonic ancestry]
  4760 | D:5      | Reached XP level 8. HP: 64/64 MP: 8/8
  4976 | D:5      | Bought a +0 hunting sling for 21 gold pieces
  5166 | D:6      | Reached * piety under Yredelemnul
  5370 | D:6      | Found a snail-covered altar of Cheibriados.
  5567 | D:6      | Reached skill level 8 in Polearms
  5650 | D:6      | Noticed Maggie
  5668 | D:6      | Killed Maggie
  5669 | D:6      | Reached skill level 9 in Polearms
  5674 | D:6      | Your ally Maggie died
  5678 | D:6      | Reached XP level 9. HP: 34/72 MP: 9/9
  5922 | D:6      | Reached skill level 10 in Polearms
  5928 | D:6      | Reached ** piety under Yredelemnul
  6502 | D:7      | Reached skill level 11 in Polearms
  6672 | D:7      | Found a runed translucent door.
  6963 | D:7      | Found a runed translucent door.
  6963 | D:7      | Noticed a cyclops
  7054 | D:7      | Found a runed translucent door.
  7054 | D:7      | Noticed a two-headed ogre
  7054 | D:7      | Noticed a kobold demonologist
  7055 | D:7      | Noticed a white ugly thing
  7055 | D:7      | Noticed a troll
  7055 | D:7      | Noticed a manticore
  7156 | D:7      | Reached skill level 12 in Polearms
  7164 | D:7      | Reached XP level 10. HP: 79/79 MP: 10/10
  7232 | D:7      | Reached skill level 1 in Invocations
  7409 | D:7      | Found an ancient bone altar of Kikubaaqudgha.
  7785 | D:7      | Found a runed translucent door.
  7785 | D:7      | Found a runed translucent door.
  9168 | D:9      | Noticed a two-headed ogre
  9216 | D:8      | Slain by a two-headed ogre

Illustrated notes

Levels and vault maps discovered:
D:1:      lightli_arrival_farm, layout_basic, hangedman_decor_points
D:2:      layout_rooms, basic_altar
D:3:      layout_rooms, minmay_misc_feat_more_columns, uniq_terence
D:4:      layout_basic, nicolae_ashenzari_skybound
D:5:      layout_cave_pools, lemuel_mausoleum_altar_yredelemnul, temple_green,
          serial_shops, shop
D:6:      layout_rooms, mainiacjoe_overflow_small_starburst, st_stairs_6,
          lexackson_kobold_supper, uniq_maggie
D:7:      minmay_the_grid_triangle_9x9_rhombus_full
          [minmay_the_grid_triangle_9x9_tough_junction,
          minmay_the_grid_triangle_9x9_fully_insulated_deathbox,
          minmay_the_grid_triangle_9x9_corruption,
          minmay_the_grid_triangle_9x9_stretched_checkered,
          minmay_the_grid_triangle_9x9_checkered,
          minmay_the_grid_triangle_9x9_zippers_vertical,
          minmay_the_grid_triangle_9x9_limited_checkers,
          minmay_the_grid_triangle_9x9_prize_center], layout_loops_cross,
          mainiacjoe_overflow_concentric_impassable, kennysheep_boxes
D:8:      layout_basic, serial_corexii_hall, corexii_hall_statues_deadend,
          corexii_hall_statues_l
D:9:      layout_roguey
Temple:   mainiacjoe_temple_coin_purse

Skill      XL: |  1  2  3  4  5  6  7  8  9 10 |
---------------+-------------------------------+-----
Polearms       | 2 3 4 5 7 9 12 | 12.4
Fighting       | 4 5 6 7 |  7.0
Invocations    | 3 |  3.1
Armour         | 3 |  3.5
Shields        | |  2.6

Action                   |  1- 3 |  4- 6 |  7- 9 | 10-12 || total
-------------------------+-------+-------+-------+-------++-------
Melee: Trident           |   131 |   167 |   385 |   134 ||   817
 Fire: Hunting sling     |       |       |     6 |     1 ||     7
       Hand crossbow     |       |       |       |     8 ||     8
Invok: Recall Undead Har |       |       |     1 |       ||     1
  Use: Potion            |       |     1 |     2 |     3 ||     6
       Scroll            |       |       |    10 |       ||    10
 Stab: Distracted        |       |       |     1 |     1 ||     2
Armor: Scale mail        |    49 |     2 |       |       ||    51
       Chain mail        |       |    90 |   139 |    45 ||   274
       Skin              |       |       |       |    14 ||    14
Dodge: Dodged            |    54 |    37 |    65 |    25 ||   181
Block: Buckler           |    20 |    26 |    53 |    23 ||   122

Table legend: (Time is in decaauts)
 A = Elapsed time spent in this place.
 B = Non-inter-level travel time spent in this place.
 C = Inter-level travel time spent in this place.
 D = Time resting spent in this place.
 E = Time spent auto-exploring this place.
 F = Levels seen in this place.
 G = Mean time per level.
                   A        B        C        D        E       F      G
               +--------+--------+--------+--------+--------+-----+--------+
         Total |   9206 |   8887 |    319 |   2845 |   4493 |  10 |  920.6 |
       Dungeon |   9076 |   8771 |    305 |   2845 |   4391 |   9 | 1008.4 |
        Temple |    130 |    116 |     14 |      0 |    102 |   1 |  130.0 |
               +--------+--------+--------+--------+--------+-----+--------+

Top non-repeatable levels by time:
     D:5: 1869 daAuts
     D:7: 1683 daAuts
     D:8: 1250 daAuts
     D:6: 1127 daAuts
     D:1: 1024 daAuts
     D:4: 819 daAuts
     D:2: 613 daAuts
     D:3: 603 daAuts
  Temple: 130 daAuts
     D:9: 83 daAuts
